 Dungeon Crawl Stone Soup version 0.29.0-4-gdea44cf6ec (webtiles) character file.

Game seed: 10520329501662222983

356 qw the Chopper (level 6, -2/36 HPs)
             Began as a Tengu Warper on Aug 28, 2022.
             Slain by a troll (11 damage)
             ... on level 4 of the Dungeon.
             The game lasted 00:00:25 (3837 turns).

qw the Chopper (Tengu Warper)                       Turns: 3837, Time: 00:00:25

Health: -2/36      AC: 10    Str: 18    XL:     6   Next: 63%
Magic:  10/10      EV:  9    Int: 12    God:
Gold:   143        SH:  0    Dex: 18    Spells: 9/9 levels left

rFire   . . .      SeeInvis .   Y - +0 war axe
rCold   . . .      Faith    .   (no shield)
rNeg    . . .      Spirit   .   d - +0 chain mail
rPois   .          Reflect  .   (helmet restricted)
rElec   .          Harm     .   g - +1 cloak
rCorr   .          Rampage  .   (no gloves)
Will    +....                   (boots unavailable)
Stlth   ..........              (no amulet)
HPRegen 0.12/turn               h - +6 ring of strength
MPRegen 0.12/turn               a - ring of willpower

@: flying quickly and evasively, quick
A: beak, talons 3, nimble flight, agile 1
a: no special abilities


You were on level 4 of the Dungeon.
You visited 1 branch of the dungeon, and saw 5 of its levels.

You collected 143 gold pieces.


Innate Abilities, Weirdness & Mutations

You have a beak for a mouth.
You have claws for feet.
Your magical nature lets you fly swiftly and evasively.
You are agile. (Dex +4, Str/Int -1)


   Skills:
 - Level 2.8 Fighting
 - Level 7.0 Axes
 - Level 1.0 Throwing
 + Level 1.7 Armour
 - Level 2.1 Dodging
 - Level 2.0 Spellcasting
 - Level 2.4 Translocations


You had 9 spell levels left.
You didn't know any spells.
Your spell library contained the following spells:

 Spells                   Type           Power      Damage    Failure   Level
 Blink                    Tloc           12%        N/A       92%         2
 Gell's Gravitas          Tloc           6%         N/A       99%         3
 Lesser Beckoning         Tloc           6%         N/A       99%         3
 Teleport Other           Tloc           6%         N/A       99%         3
 Manifold Assault         Tloc           6%         N/A       100%        5

Inventory:

Hand Weapons
 c - a +0 morningstar
 Y - a +0 war axe (weapon)
Missiles
 e - 2 boomerangs (quivered)
Armour
 d - a +0 chain mail (worn)
 g - a +1 cloak (worn)
Jewellery
 a - a ring of willpower (right hand)
 h - a +6 ring of strength (left hand)
Scrolls
 m - a scroll of identify
Potions
 f - a potion of mutation
 i - a potion of haste
 l - a potion of cancellation {unknown}

Dungeon Overview and Level Annotations

Branches:
Dungeon (5/15)
 Temple: D:4-7

Altars:
Ashenzari
Fedhas
Hepliaklqana
Makhleb
Sif Muna
Uskayaw
Vehumet
Xom


Message History

You closely miss the iguana. You claw the iguana. Your peck misses the iguana.
The iguana is heavily wounded.
The iguana bites you but does no damage.
You hit the iguana. Your kick misses the iguana.
You peck the iguana, but do no damage.
The iguana is heavily wounded.
The iguana barely misses you.
You slash the iguana!
You kill the iguana!
Done exploring.
(D) Dungeon
Where to? (* - list waypoints, Enter - D:5, ? - help)
What level of the Dungeon? (default 1, ? - help)
You fly downwards.
The troll bites you! The troll barely misses you.
The troll claws you but does no damage.
There is a stone staircase leading up, spattered with blood here.
3832 ||| STAIRDANCE The troll bites you.
The troll claws you but does no damage. x2
You fly upwards.
There is a stone staircase leading down here.
You hit the troll.
The troll is lightly wounded.
The troll closely misses you. The troll claws you but does no damage.
The troll claws you.
You hit the troll but do no damage. Your kick misses the troll.
You peck the troll, but do no damage.
The troll is lightly wounded.
The troll bites you. The troll claws you!
The troll claws you but does no damage.
3836 ||| DRINKING potion of heal wounds.
You feel much better. The troll bites you. The troll claws you.
The troll claws you but does no damage.
You closely miss the troll. You claw the troll, but do no damage.
You peck the troll, but do no damage.
The troll is lightly wounded.
The troll closely misses you. The troll claws you. The troll claws you!
The troll bites you but does no damage. The troll claws you.
The troll claws you!
You die...

######..##...#.........).%)...}..
................######....###...#
..##..###.##[...####.####...##.##
#.......................###..#.#.
###..####..0............#.##.###.
#.....#..0.0....###.#....#..#..
##.###....._0.............##.#.#
##..# ###..0.0..%...........#.#.#
##.## #...00.T@#..........#...#
...# #...................##)##
.### #########............#)#. .#
##.#.....##..#)#. .#
#........#..#.#. ##
#.#.......#.#.#.
###.##.#........).
###...#.............
#...###.............


You could see a troll.

Vanquished Creatures
  An orc priest (D:3)
  3 iron imps (D:3)
  An orc wizard (D:4)
  2 iguanas (D:4)
  A gnoll (D:1)
  4 adders
  An ufetubus (D:4)
  4 worms
  3 dart slugs
  7 orcs
  5 bats
  3 endoplasms
  5 giant cockroaches
  5 goblins
  10 hobgoblins
  14 jackals
  3 quokkas
  7 ball pythons
  5 frilled lizards
  4 kobolds
  6 rats
94 creatures vanquished.

Vanquished Creatures (others)
  An endoplasm (D:4)
1 creature vanquished.

Grand Total: 95 creatures vanquished

Notes
Turn   | Place    | Note
-------+----------+-------------------------------------------
     0 | D:1      | qw the Tengu Warper began the quest for the Orb.
     0 | D:1      | Reached XP level 1. HP: 12/12 MP: 4/4
     0 | D:1      | 0 ||| qw: Version: 0.1-a-89-g26bdef1
     0 | D:1      | 0 ||| qw: Game counter: 2322
     0 | D:1      | 0 ||| qw: Always use a shield: true
     0 | D:1      | 0 ||| qw: God list: Okawaru
     0 | D:1      | 0 ||| qw: Allow faded altars: false
     0 | D:1      | 0 ||| qw: Do Orc after D:15 true
     0 | D:1      | 0 ||| qw: Do second Lair branch before Depths: true
     0 | D:1      | 0 ||| qw: Lair rune preference: random
     0 | D:1      | 0 ||| qw: Plans: Normal
     0 | D:1      | 0 ||| PLANNING D:1-11
    52 | D:1      | 52 ||| Stepping ~*~*~tactically~*~*~ (stealth).
    56 | D:1      | 56 ||| Stepping ~*~*~tactically~*~*~ (stealth).
    58 | D:1      | 58 ||| Stepping ~*~*~tactically~*~*~ (stealth).
    64 | D:1      | HP: 3/12 [gnoll/+0 flail (3)]
    67 | D:1      | Reached skill level 3 in Axes
    67 | D:1      | Reached XP level 2. HP: 5/17 MP: 6/6
    67 | D:1      | 67 ||| Stepping ~*~*~tactically~*~*~ (stealth).
   276 | D:1      | 276 ||| Stepping ~*~*~tactically~*~*~ (stealth).
   277 | D:1      | 277 ||| Stepping ~*~*~tactically~*~*~ (stealth).
   489 | D:1      | Reached XP level 3. HP: 21/21 MP: 7/7
  1092 | D:1      | 1092 ||| UPGRADING to +0 scale mail.
  1102 | D:1      | 1102 ||| DROPPING +0 leather armour.
  1103 | D:1      | 1103 ||| UPGRADING to +6 ring of strength.
  1104 | D:1      | 1104 ||| READING 2 scrolls labelled XUFFOT GAROCU.
  1105 | D:1      | 1105 ||| READING scroll of enchant weapon.
  1105 | D:1      | 1105 ||| ENCHANTING +1 hand axe.
  1106 | D:1      | 1106 ||| READING scroll labelled MIGAIJ SERUGG.
  1106 | D:1      | Identified a scroll of acquirement
  1106 | D:1      | 1106 ||| ACQUIRING +0 cloak of preservation
  1106 | D:1      | Acquired a +0 cloak of preservation
  1108 | D:1      | 1108 ||| UPGRADING to +0 cloak of preservation.
  1113 | D:1      | 1113 ||| READING 2 scrolls labelled KISUIQ APOO.
  1114 | D:1      | 1114 ||| READING 3 scrolls labelled VIESHE PARO.
  1115 | D:1      | 1115 ||| READING scroll labelled TAYXESETID.
  1116 | D:1      | 1116 ||| DRINKING 2 green potions.
  1117 | D:1      | 1117 ||| DROPPING scroll of blinking.
  1118 | D:1      | 1118 ||| DROPPING 2 scrolls of noise.
  1148 | D:2      | 1148 ||| STAIRDANCE
  1195 | D:2      | Reached skill level 4 in Axes
  1197 | D:2      | 1197 ||| STAIRDANCE
  1308 | D:2      | Found a hide-covered altar of Uskayaw.
  1336 | D:2      | 1336 ||| SWAPPING to +0 war axe.
  1381 | D:2      | 1381 ||| DROPPING +2 hand axe.
  1422 | D:2      | Reached XP level 4. HP: 19/26 MP: 8/8
  1716 | D:2      | 1716 ||| READING scroll labelled KAODYTR HIMMUL.
  1717 | D:2      | 1717 ||| READING scroll labelled TIPRESKA BIGERGH.
  1859 | D:2      | 1859 ||| DRINKING 2 ruby potions.
  1859 | D:2      | Gained mutation: You are agile. (Dex +4, Str/Int -1)
                  | [potion of mutation]
  1860 | D:2      | 1860 ||| READING 2 scrolls of identify.
  1860 | D:2      | 1860 ||| IDENTIFYING coppery potion
  1861 | D:2      | 1861 ||| DROPPING potion of degeneration.
  1884 | D:3      | 1884 ||| STAIRDANCE
  1896 | D:3      | 1896 ||| STAIRDANCE
  1907 | D:3      | 1907 ||| STAIRDANCE
  1913 | D:3      | 1913 ||| STAIRDANCE
  1922 | D:3      | Reached skill level 5 in Axes
  1922 | D:3      | 1922 ||| STAIRDANCE
  2010 | D:3      | 2010 ||| Stepping ~*~*~tactically~*~*~ (stealth).
  2030 | D:3      | 2030 ||| FLEEEEING.
  2031 | D:3      | 2031 ||| FLEEEEING.
  2032 | D:3      | 2032 ||| FLEEEEING.
  2195 | D:3      | Found a hazy altar of Hepliaklqana.
  2222 | D:3      | 2222 ||| Stepping ~*~*~tactically~*~*~ (hiding).
  2336 | D:3      | Gained mutation: Your magical nature lets you fly swiftly
                  | and evasively. [Tengu growth]
  2336 | D:3      | Reached XP level 5. HP: 30/30 MP: 9/9
  2452 | D:3      | Found a faded altar of an unknown god.
  2529 | D:3      | Found a burning altar of Makhleb.
  2534 | D:3      | Reached skill level 6 in Axes
  2544 | D:3      | Reached XP level 6. HP: 12/35 MP: 10/10
  2839 | D:3      | 2839 ||| UPGRADING to +1 cloak.
  2849 | D:3      | 2849 ||| DROPPING +0 cloak of preservation.
  2850 | D:3      | 2850 ||| DROPPING amulet of magic regeneration.
  2851 | D:3      | 2851 ||| READING scroll labelled QICALLOKHLA.
  2852 | D:3      | 2852 ||| READING scroll labelled WILUIRCH ODUC.
  2882 | D:4      | Found a radiant altar of Vehumet.
  2909 | D:4      | Found a shimmering blue altar of Sif Muna.
  2958 | D:4      | 2958 ||| Stepping ~*~*~tactically~*~*~ (stealth).
  3036 | D:4      | Found a shimmering altar of Xom.
  3120 | D:4      | 3120 ||| DROPPING +0 flail.
  3232 | D:4      | 3232 ||| Stepping ~*~*~tactically~*~*~ (stealth).
  3238 | D:4      | 3238 ||| Stepping ~*~*~tactically~*~*~ (hiding).
  3239 | D:4      | 3239 ||| Stepping ~*~*~tactically~*~*~ (stealth).
  3243 | D:4      | Reached skill level 7 in Axes
  3439 | D:4      | Found a broken altar of Ashenzari.
  3683 | D:4      | 3683 ||| UPGRADING to +0 chain mail.
  3693 | D:4      | 3693 ||| DROPPING +0 scale mail.
  3694 | D:4      | 3694 ||| UPGRADING to ring of willpower.
  3695 | D:4      | 3695 ||| READING scroll labelled LUBUOTZOUNI.
  3698 | D:4      | 3698 ||| READING scroll labelled FAELIJE IXYKHU.
  3699 | D:4      | 3699 ||| DRINKING 2 lumpy yellow potions.
  3800 | D:4      | 3800 ||| READING 2 scrolls of identify.
  3800 | D:4      | 3800 ||| IDENTIFYING puce potion
  3801 | D:4      | 3801 ||| DROPPING potion of ambrosia.
  3822 | D:5      | Entered Level 5 of the Dungeon
  3822 | D:5      | Noticed a troll
  3822 | D:5      | Found a blossoming altar of Fedhas.
  3824 | D:5      | 3824 ||| STAIRDANCE
  3832 | D:5      | 3832 ||| STAIRDANCE
  3835 | D:4      | HP: 8/36 [troll (7)]
  3836 | D:4      | 3836 ||| DRINKING potion of heal wounds.
  3837 | D:4      | Slain by a troll

Levels and vault maps discovered:
D:1:      matt_arrival_grand_opening, layout_basic, minmay_cupped
D:2:      layout_rooms, basic_altar
D:3:      layout_rooms, demons_altar, mainiacjoe_overflow_24_doors,
          shapermc_ecumenical_altar_mp_ritualfount, kennysheep_path_1
D:4:      minmay_general_purpose_star, layout_rooms,
          nicolae_ashenzari_panopticon, fiery_altar_vehumet,
          mainiacjoe_overflow_six_doors_small, mainiacjoe_overflow_boulevard
D:5:      minmay_razor_zed, layout_loops_cross, mainiacjoe_overflow_alcove_2,
          mainiacjoe_overflow_cross_hatched, grunt_temple_overflow_open,
          temple_fountains, abandoned_shop, minivault_27

Skill      XL: |  1  2  3  4  5  6 |
---------------+-------------------+-----
Axes           | 3 4 5 6 7 |  7.0
Fighting       | |  2.8
Throwing       | |  1.0
Armour         | |  1.7
Dodging        | |  2.1
Spellcasting   | |  2.0
Translocations | |  2.4

Action                   |  1- 3 |  4- 6 || total
-------------------------+-------+-------++-------
Melee: Hand axe          |    35 |       ||    35
       Peck              |     6 |    19 ||    25
       Kick              |     5 |    22 ||    27
       War axe           |    17 |   108 ||   125
       Punch             |     1 |       ||     1
Throw: Boomerang         |    47 |    56 ||   103
  Use: Scroll            |     6 |     8 ||    14
       Potion            |     1 |     3 ||     4
Armor: Leather armour    |     2 |       ||     2
       Scale mail        |    27 |    30 ||    57
       Chain mail        |       |     8 ||     8
Dodge: Dodged            |    27 |    57 ||    84

Table legend:
 A = Non-vault XP
 B = Vault XP
 C = Vault XP percentage of total XP
 D = Non-vault monster count
 E = Vault monster count
 F = Vault count percentage of total count
                 A         B        C        D         E       F
            +---------+---------+-------+---------+---------+-------
      Total |     376 |     133 |  26.1 |      85 |       9 |   9.6
            +---------+---------+-------+---------+---------+-------
        D:1 |      42 |       2 |   4.5 |      19 |       1 |   5.0
        D:2 |      58 |       0 |   0.0 |      22 |       0 |   0.0
        D:3 |     114 |     118 |  50.9 |      21 |       3 |  12.5
        D:4 |     162 |      13 |   7.4 |      23 |       5 |  17.9
            +---------+---------+-------+---------+---------+-------
